 Dungeon Crawl Stone Soup version 0.26-a0-450-ge645bd13c1 (webtiles) character file.

Game seed: 3642145677582765537

47 MrRokkomies the Skirmisher (level 3, -3/32 HPs)
             Began as a Palentonga Delver on July 27, 2020.
             Slain by a bullfrog (5 damage)
             ... on level 6 of the Dungeon.
             The game lasted 00:01:40 (252 turns).

MrRokkomies the Skirmisher (Palentonga Delver)       Turns: 252, Time: 00:01:41

Health: -3/32      AC:  4    Str: 15    XL:     3   Next: 48%
Magic:  3/3        EV: 10    Int: 11    God:
Gold:   23         SH:  0    Dex: 11    Spells: 2/2 levels left

rFire    . . .     SeeInvis +   a - +0 mace
rCold    . . .     Faith    .   (no shield)
rNeg     . . .     Spirit   .   b - +0 leather armour
rPois    .         Reflect  .   (no helmet)
rElec    .         Harm     .   (no cloak)
rCorr    .                      (no gloves)
MR       .....                  (boots restricted)
Stlth    ++........             (no amulet)
HPRegen  0.10/turn              (no ring)
MPRegen  0.08/turn              (no ring)

@: hasted, very quick
A: large, rugged brown scales 3, see invisible, deformed body, roll, armoured
tail
a: Rolling Charge


You were on level 6 of the Dungeon.
You visited 1 branch of the dungeon, and saw 2 of its levels.

You collected 23 gold pieces.

Inventory:

Hand Weapons
 a - a +0 mace (weapon)
Armour
 b - a +0 leather armour (worn)
 f - a +0 cloak
Wands
 g - a wand of digging (3)
 h - a wand of disintegration (7)
Scrolls
 c - a scroll of fog
 d - a scroll of magic mapping
 e - a scroll of fear
 i - 2 scrolls of remove curse {unknown}


   Skills:
 * Level 3.6 Fighting
 * Level 2.9 Maces & Flails
 + Level 2.0 Dodging
 - Level 3.3 Stealth


You had 2 spell levels left.
You didn't know any spells.
Your spell library was empty.

Dungeon Overview and Level Annotations

Branches:
Dungeon (5/15)
 Temple: D:4-7

Altars:


Innate Abilities, Weirdness & Mutations

You are completely covered in rugged brown scales. (AC +3, +7% HP)
You have supernaturally acute eyesight. (SInv)
Armour fits poorly on your strangely shaped body.
You can roll at foes to attack.
You have a long armoured tail.


Message History

Aim: a bullfrog (heavily wounded, chance to defeat MR: 65%)
The bullfrog struggles to resist.
The bullfrog hits you.
* * * LOW HITPOINT WARNING * * *
Evoke which item? (* to show all) (? for menu, Esc to quit)
Aiming: Disintegrate
Press: ? - help, Shift-Dir - straight line, f/p - bullfrog
Aim: a bullfrog (heavily wounded, chance to defeat MR: 65%)
The bullfrog struggles to resist.
The bullfrog completely misses you.
Evoke which item? (* to show all) (? for menu, Esc to quit)
Aiming: Disintegrate
Press: ? - help, Shift-Dir - straight line, f/p - bullfrog
Aim: a bullfrog (heavily wounded, chance to defeat MR: 65%)
The bullfrog struggles to resist.
The bullfrog hits you but does no damage.
Evoke which item? (* to show all) (? for menu, Esc to quit)
Aiming: Disintegrate
Press: ? - help, Shift-Dir - straight line, f/p - bullfrog
Aim: a bullfrog (heavily wounded, chance to defeat MR: 65%)
The bullfrog struggles to resist.
The bullfrog hits you.
You die...

#. ##...## #.##
##.....###
#..#######.....(...
..####...........!....#
......................#
.#####.########......#.
#.# #.......#. #F#
#......... #@#
#.......## #.##
###......... #..#
##...#.....##
##.###..###.....#
#..##.## #..#..#
###.#..# #..#.##
##.....####.....#
##..##.......##..#
#####..##...######


You could see a bullfrog.

Vanquished Creatures
  A howler monkey (D:6)
  A white imp (D:6)
  A leopard gecko (D:5)
3 creatures vanquished.

Notes
Turn   | Place    | Note
-------+----------+-------------------------------------------
     0 | D:5      | MrRokkomies the Palentonga Delver began the quest for the
                  | Orb.
     0 | D:5      | Reached XP level 1. HP: 19/19 MP: 1/1
   162 | D:5      | You fall into a shaft and drop 1 floor!
   188 | D:6      | Noticed a howler monkey
   223 | D:6      | Killed a howler monkey
   223 | D:6      | Reached XP level 2. HP: 3/25 MP: 2/2
   223 | D:6      | Reached XP level 3. HP: 3/31 MP: 3/3
   229 | D:6      | Noticed a bullfrog
   252 | D:6      | Slain by a bullfrog

Illustrated notes

Levels and vault maps discovered:
D:5:      layout_loops_corners, due_unseen_surprise, uniq_menkaure,
          uniq_prince_ribbit1, uniq_grinder, uniq_sigmund, uniq_eustachio,
          uniq_pikel, uniq_blork_the_orc
D:6:      layout_rooms, nicolae_ru_path_of_blood, overflow_temple_1_default

Skill      XL: |  1 |
---------------+----+-----
Dodging        | 2 |  2.0
Fighting       | |  3.6
Maces & Flails | |  2.9
Stealth        | |  3.3

Action                   || total
-------------------------++-------
Melee: Mace              ||    18
       Tailslap          ||     1
Evoke: Wand              ||    10
  Use: Potion            ||     1
Armor: Leather armour    ||     9
Dodge: Dodged            ||    14

Table legend: (Time is in decaauts)
 A = Elapsed time spent in this place.
 B = Non-inter-level travel time spent in this place.
 C = Inter-level travel time spent in this place.
 D = Time resting spent in this place.
 E = Time spent auto-exploring this place.
 F = Levels seen in this place.
 G = Mean time per level.
                   A        B        C        D        E       F      G
               +--------+--------+--------+--------+--------+-----+--------+
         Total |    241 |    241 |      0 |    101 |      0 |   2 |  120.5 |
       Dungeon |    241 |    241 |      0 |    101 |      0 |   2 |  120.5 |
               +--------+--------+--------+--------+--------+-----+--------+

Top non-repeatable levels by time:
     D:5: 165 daAuts
     D:6: 76 daAuts
